 Dungeon Crawl Stone Soup version 0.20.0-6-gd3061e9 (webtiles) character file.

123 xgamer67 the Sneak (level 5, -1/24 HPs)
             Began as a Vine Stalker Earth Elementalist on May 28, 2017.
             Was a Follower of Kikubaaqudgha.
             Killed by divine providence
             ... invoked by an orc priest
              (13 damage)
             ... on level 4 of the Dungeon.
             The game lasted 00:06:26 (2823 turns).

xgamer67 the Sneak (VSEE)                           Turns: 2823, Time: 00:06:26

Health: -1/24      AC:  2    Str: 10    XL:     5   Next: 7%
Magic:  0/9        EV: 12    Int: 15    God:    Kikubaaqudgha [*.....]
Gold:   118        SH:  0    Dex: 16    Spells: 2/8 levels left

rFire    . . .     SeeInvis .   a - +2 dagger (venom)
rCold    . . .     Gourm    .   (no shield)
rNeg     . . .     Faith    .   c - +0 robe
rPois    .         Spirit   +   (no helmet)
rElec    .         Reflect  .   (no cloak)
rCorr    .         Harm     .   (no gloves)
MR       .....                  (no boots)
Stlth    +++.......             (no amulet)
Regen    0.5/turn               (no ring)
MPRegen  0.2/turn               (no ring)

@: no status effects
A: fangs 2, regeneration 1, magic shield, antimagic bite, no potion heal 3, rot
immunity
a: Receive Corpses, Renounce Religion


You were on level 4 of the Dungeon.
You worshipped Kikubaaqudgha.
Kikubaaqudgha was aware of your devotion.
You were not hungry.

You visited 1 branch of the dungeon, and saw 4 of its levels.

You collected 118 gold pieces.

Inventory:

Hand Weapons
 a - a +2 dagger of venom (weapon)
 b - a +0 blowgun
Missiles
 l - 2 needles of frenzy
 r - 193 stones (quivered)
 s - 13 poisoned needles
Armour
 c - a +0 robe (worn)
Wands
 v - a wand of flame (32/48)
Scrolls
 g - 2 scrolls of blinking {unknown}
 h - 2 scrolls of enchant weapon {unknown}
 i - 3 scrolls of enchant armour {unknown}
 m - a scroll of fog {unknown}
 n - a scroll of identify {unknown}
 o - a scroll of teleportation {unknown}
 q - a scroll of immolation {unknown}
Potions
 f - a potion of resistance {unknown}
 k - 2 potions of curing {unknown}
 w - a potion of brilliance {unknown}
Books
 e - a book of Geomancy

   Spells                             Type                      Level
   a - Sandblast                      Earth                        1
   b - Passwall                       Transmutation/Earth          2
   c - Stone Arrow                    Conjuration/Earth            3
   d - Petrify                        Transmutation/Earth          4
   e - Lee's Rapid Deconstruction     Earth                        5
 u - Kikubaaqudgha's Guide on Necromancy
   (Kikubaaqudgha gifted it to you on level 3 of the Dungeon)

   Spells                             Type                      Level
   a - Pain                           Necromancy                   1
   b - Corpse Rot                     Necromancy                   2
   c - Sublimation of Blood           Necromancy                   2
   d - Regeneration                   Charms/Necromancy            3
   e - Control Undead                 Necromancy                   4
Comestibles
 d - a bread ration
 j - 2 royal jellies
 t - 4 fruits


   Skills:
 - Level 1.5 Dodging
 + Level 6.3 Stealth
 - Level 2.1 Spellcasting
 + Level 1.2 Necromancy
 - Level 1.0 Transmutations
 - Level 3.0 Earth Magic


You had 2 spell levels left.
You knew the following spells:

 Your Spells              Type           Power        Failure   Level  Hunger
a - Sandblast             Erth           ##....       6%          1    #......
P - Passwall              Tmut/Erth      #.........   14%         2    ###....
R - Regeneration          Chrm/Necr      #.........   45%         3    ###....


Dungeon Overview and Level Annotations

Branches:
Dungeon (4/15)
 Temple: D:4-7

Altars:
Cheibriados
Kikubaaqudgha
Uskayaw

Shops:
D:4 :

Annotations:
D:2 Jessica
D:4 Dowan, Duvessa


Innate Abilities, Weirdness & Mutations

You have extremely sharp teeth.
Your natural rate of healing is unusually fast.
When hurt, damage is shared between your health and your magic reserves.
Your bite disrupts and absorbs the magic of your enemies.
Potions cannot restore your health.
You are immune to rotting.


Message History

The orc priest invokes the aid of Beogh against you.
Pain shoots through your body!
You hit the orc priest but do no damage.
The orc priest is poisoned.
The orc wizard casts a spell.
The orc wizard flickers and vanishes!
Deactivating autopickup; reactivate with Ctrl-A.
The orc priest barely misses you.
All of the chunks of flesh in your inventory have rotted away.
You closely miss the orc priest.
You bite the orc priest, but do no damage.
The orc priest is lightly wounded.
The orc shouts!
You hit the orc priest but do no damage.
The orc priest is lightly wounded.
The orc priest invokes the aid of Beogh against you.
Beogh smites you!
Ouch! That really hurt!
You die...
Kikubaaqudgha rasps: "You have failed me!
Welcome... death!"

##### #...# # #.### #.
#...##########
e#.#####...<......####
e....#.........>@....#
#.#.##########o##.#
#...# #o..#∩# #####
#.{# ##.# #...........
ooo.o##o.#.#### ##.#
(#.# # # # .#


You could see an orc priest and an orc.

Vanquished Creatures
  A centaur skeleton (D:4)
  Ijyb (D:3)
  2 adders (D:3)
  A leopard gecko (D:3)
  6 orcs (D:3)
  A giant cockroach (D:3)
  2 hobgoblins
  2 quokkas
  A bat (D:2)
  3 frilled lizards
  9 goblins
  11 kobolds
  6 rats
46 creatures vanquished.

Vanquished Creatures (others)
  A plant (D:3)
1 creature vanquished.

Grand Total: 47 creatures vanquished

Notes
Turn   | Place    | Note
-------+----------+-------------------------------------------
     0 | D:1      | xgamer67 the Vine Stalker Earth Elementalist began the quest for the Orb.
     0 | D:1      | Reached XP level 1. HP: 9/9 MP: 4/4
   873 | D:1      | Reached skill level 3 in Stealth
  1084 | D:2      | Reached XP level 2. HP: 9/13 MP: 3/6
  1351 | D:2      | Found an ancient bone altar of Kikubaaqudgha.
  1363 | D:2      | Became a worshipper of Kikubaaqudgha
  1513 | D:2      | Noticed Jessica
  1655 | D:3      | Reached skill level 4 in Stealth
  1929 | D:3      | Reached XP level 3. HP: 16/16 MP: 7/7
  2029 | D:3      | Learned a level 2 spell: Passwall
  2425 | D:3      | Reached skill level 5 in Stealth
  2549 | D:3      | Found a snail-covered altar of Cheibriados.
  2549 | D:3      | Found a hide-covered altar of Uskayaw.
  2572 | D:3      | Noticed Ijyb
  2606 | D:3      | Killed Ijyb
  2606 | D:3      | Gained mutation: Your natural rate of healing is unusually fast. [Vine Stalker growth]
  2606 | D:3      | Reached XP level 4. HP: 16/21 MP: 8/8
  2609 | D:3      | Reached * piety under Kikubaaqudgha
  2609 | D:3      | Identified Kikubaaqudgha's Guide on Necromancy (Kikubaaqudgha gifted it to you on level 3 of the Dungeon)
  2609 | D:3      | Received a gift from Kikubaaqudgha
  2627 | D:3      | Learned a level 3 spell: Regeneration
  2680 | D:3      | Reached skill level 6 in Stealth
  2739 | D:4      | Reached skill level 1 in Necromancy
  2739 | D:4      | Reached XP level 5. HP: 9/24 MP: 3/9
  2789 | D:4      | Noticed Duvessa
  2789 | D:4      | Noticed Dowan
  2805 | D:4      | Found Haosaimy's Book Emporium.
  2823 | D:4      | Killed from afar by an orc priest

Skill      XL: |  1  2  3  4 |
---------------+-------------+-----
Stealth        | 3 4 5 6 |  6.3
Necromancy     | 1 |  1.2
Dodging        | |  1.5
Spellcasting   | |  2.1
Transmutations | |  1.0
Earth Magic    | |  3.0

Action                   |  1- 3 |  4- 6 || total
-------------------------+-------+-------++-------
Melee: Whip              |    82 |       ||    82
       Unarmed           |     6 |       ||     6
       Bite              |    23 |     5 ||    28
       Dagger            |    55 |    24 ||    79
 Cast: Sandblast         |     1 |       ||     1
 Stab: Sleeping          |     9 |     2 ||    11
  Eat: Chunk             |     5 |     1 ||     6
Armor: Robe              |    19 |     3 ||    22
Dodge: Dodged            |    74 |     6 ||    80
